 Seeded DCSS version 0.29.1-15-g9cfb28693d (webtiles) character file.

Game seed: 20230301 (custom seed)

45 person50605 the Ducker (level 3, 0/27 HPs)
             Began as a Demonspawn Gladiator on Mar 1, 2023.
             Was a Follower of Qazlal.
             Slain by a gnoll
             ... wielding a +0 halberd
              (3 damage)
             ... on level 2 of the Dungeon.
             The game lasted 00:15:33 (2383 turns).

person50605 the Ducker (Demonspawn Gladiator)       Turns: 2383, Time: 00:15:34

Health: 0/27       AC:  1    Str: 14    XL:     3   Next: 42%
Magic:  3/3        EV: 13    Int: 15    God:    Qazlal [*.....]
Gold:   72         SH:  6    Dex: 16    Spells: 2/2 levels left

rFire   . . .      SeeInvis .   n - +0 dagger (venom)
rCold   . . .      Faith    .   (no shield)
rNeg    . . .      Spirit   .   (no body armour)
rPois   .          Reflect  .   c - +0 helmet
rElec   .          Harm     .   (no cloak)
rCorr   .          Rampage  .   (no gloves)
Will    .....                   (no boots)
Stlth   +.........              (no amulet)
HPRegen 0.09/turn               l - +6 ring of intelligence
MPRegen 0.08/turn               (no ring)

@: no status effects
A: condensation shield
a: Renounce Religion


You were on level 2 of the Dungeon.
You worshipped Qazlal.
Qazlal was aware of your devotion.
You visited 1 branch of the dungeon, and saw 2 of its levels.

You collected 72 gold pieces.

Inventory:

Hand Weapons
 a - a +0 war axe
 n - a +0 dagger of venom (weapon)
Missiles
 d - 3 throwing nets (quivered)
 e - a javelin
 j - 10 stones
Armour
 b - a +0 leather armour
 c - a +0 helmet (worn)
 h - a +0 leather armour of cold resistance
 k - a +0 robe
Jewellery
 l - a +6 ring of intelligence (left hand)
Scrolls
 m - a scroll of amnesia {unknown}
 o - a scroll of magic mapping {unknown}
 r - a scroll of vulnerability {unknown}
 s - a scroll of teleportation {unknown}
 u - a scroll of identify
 v - a scroll of torment {unknown}
Potions
 f - a potion of haste {unknown}
 g - 2 potions of curing
 i - a potion of cancellation {unknown}
 p - a potion of heal wounds {unknown}
 q - a potion of mutation {unknown}
 t - a potion of degeneration {unknown}


   Skills:
 + Level 2.1 Fighting
 * Level 0.9 Short Blades
 - Level 2.7 Axes
 + Level 2.0 Throwing
 * Level 0.4 Armour
 + Level 3.4 Dodging
 + Level 0.2 Stealth
 + Level 0.2 Shields


You had 2 spell levels left.
You didn't know any spells.
Your spell library was empty.

Dungeon Overview and Level Annotations

Branches:
Dungeon (2/15)

Altars:
Qazlal


Innate Abilities, Weirdness & Mutations

A meltable shield of frost defends you. (SH +4)


Message History

Unknown command.
Unknown command.
You see here an adder corpse.
Found 12 gold pieces.
You now have 72 gold pieces (gained 12).
A gnoll comes into view. It is wielding a +0 halberd.
Found a scroll labelled INGOQU XUOSS.
The gnoll shouts!
A gnoll comes into view. It is wielding a +0 halberd.
You block the gnoll's attack.
A gnoll comes into view. It is wielding a +0 club.
The gnoll shouts!
You block the gnoll's attack. You block the gnoll's attack.
The gnoll hits you from afar with a +0 halberd.
The gnoll closely misses you. x2
You hit the gnoll.
The gnoll is poisoned.
The gnoll is lightly wounded.
The gnoll barely misses you. The gnoll closely misses you.
The gnoll hits you from afar with a +0 halberd.
The gnoll misses you. The gnoll barely misses you.
The gnoll closely misses you. The gnoll barely misses you.
You block the gnoll's attack. x2
You barely miss the gnoll.
The gnoll is heavily wounded.
The gnoll barely misses you. The gnoll misses you.
You hit the gnoll but do no damage.
The gnoll looks as sick as possible!
The gnoll is heavily wounded.
The gnoll hits you with a +0 halberd!
* * * LOW HITPOINT WARNING * * *
The gnoll hits you from afar with a +0 halberd.
* * * LOW HITPOINT WARNING * * *
As you read the scroll labelled INGOQU XUOSS, it crumbles to dust.
It is a scroll of identify.
g - 2 potions of curing You kill the gnoll!
Qazlal accepts your kill.
The gnoll hits you from afar with a +0 halberd.
You die...

### ####### ###
#.###.###.###.##
...............###
.##.###.###.##...#
.#...........#.#@#
...##.###[##...#)##
.#.#.......#.#.#gg###
.#...##.##...#..#...#
.#.#.#...#.#.#.####....#
...#...#...#...## ....?#
.#.#.#...#.#.#.#.........#
.#...##†##...#..###.......
.#.#.......#.#.## #...###


You could see 2 gnolls.

Vanquished Creatures
  A gnoll (D:2)
  An adder (D:2)
  A dart slug (D:2)
  4 endoplasms (D:1)
  A giant cockroach (D:1)
  5 goblins
  3 hobgoblins
  4 jackals (D:1)
  A quokka (D:1)
  3 ball pythons
  3 bats (D:1)
  2 frilled lizards (D:1)
  2 kobolds (D:1)
  2 rats (D:2)
33 creatures vanquished.

Notes
Turn   | Place    | Note
-------+----------+-------------------------------------------
     0 | D:1      | person50605 the Demonspawn Gladiator began the quest for
                  | the Orb.
     0 | D:1      | Reached XP level 1. HP: 16/16 MP: 1/1
   366 | D:1      | Reached skill level 3 in Dodging
   487 | D:1      | Gained mutation: A meltable shield of frost defends you.
                  | (SH +4) [demonic ancestry]
   487 | D:1      | Reached XP level 2. HP: 22/22 MP: 2/2
  1984 | D:2      | Found a faded altar of an unknown god.
  1990 | D:2      | Prayed at the altar of an unknown god.
  1990 | D:2      | Became a worshipper of Qazlal Stormbringer
  1990 | D:2      | Reached * piety under Qazlal
  1997 | D:2      | Reached XP level 3. HP: 27/27 MP: 3/3
  2383 | D:2      | Slain by a gnoll

Illustrated notes

Levels and vault maps discovered:
D:1:      dpeg_arrival_three_same_balls, layout_basic
D:2:      layout_loops_ring, dreamdust_ecumenical_altar_angels_and_demons,
          hangedman_decor_opposing, nicolae_concentric_dashed_squares_wild

Skill      XL: |  1  2  3 |
---------------+----------+-----
Dodging        | 3 |  3.4
Throwing       | 2 |  2.0
Fighting       | |  2.1
Short Blades   | |  0.9
Axes           | |  2.7
Armour         | |  0.4
Stealth        | |  0.2
Shields        | |  0.2

Action                   || total
-------------------------++-------
Melee: Dagger            ||    99
       War axe           ||     5
  Use: Scroll            ||     1
 Stab: Sleeping          ||     1
Armor: Leather armour    ||     2
       Skin              ||     9
Dodge: Dodged            ||    81
Block: Other             ||    23
